 Dungeon Crawl Stone Soup version 0.24-a0-498-ge00f04a389 (webtiles) character file.

Game seed: 3646685701046919913

0 Gargoyl the Skirmisher (level 1, -4/19 HPs)
             Began as a Centaur Abyssal Knight on July 14, 2019.
             Was a Follower of Lugonu.
             Slain by a large abomination (23 damage)
             ... on level 3 of the Abyss.
             The game lasted 00:01:19 (291 turns).

Gargoyl the Skirmisher (Centaur Abyssal Knight)      Turns: 291, Time: 00:01:20

Health: -4/19      AC:  4    Str: 14    XL:     1   Next: 0%
Magic:  2/2        EV:  9    Int: 11    God:    Lugonu [*.....]
Gold:   70         SH:  0    Dex:  8    Spells: 0/0 levels left

rFire    . . .     SeeInvis .   a - +1 hand axe
rCold    . . .     Gourm    .   (no shield)
rNeg     . . .     Faith    .   b - +0 leather armour
rPois    .         Spirit   .   (no helmet)
rElec    .         Reflect  .   (no cloak)
rCorr    .         Harm     .   (no gloves)
MR       .....                  (no barding)
Stlth    ..........             (no amulet)
HPRegen  0.06/turn              (no ring)
MPRegen  0.08/turn              (no ring)

@: very quick
A: large, hooves 3, deformed body, speed 2, tough skin 3
a: Depart the Abyss, Renounce Religion


You were on level 3 of the Abyss.
You worshipped Lugonu.
Lugonu was aware of your devotion.
You were not hungry.

You visited 0 branches of the dungeon, and saw 0 of its levels.
You visited the Abyss 1 time.

You collected 70 gold pieces.

Inventory:

Hand Weapons
 a - a +1 hand axe (weapon)
Armour
 b - a +0 leather armour (worn)
 h - a +0 scale mail
Scrolls
 e - a scroll of remove curse
 f - 4 scrolls of identify
 g - 4 scrolls of teleportation
Potions
 d - a potion of agility
Comestibles
 c - a ration


   Skills:
 + Level 3.0 Fighting
 + Level 1.7 Axes
 + Level 1.3 Armour
 + Level 0.6 Dodging
 + Level 2.0 Invocations


You couldn't memorise any spells.
You didn't know any spells.
Your spell library was empty.

Dungeon Overview and Level Annotations

Branches:
Dungeon (0/15)

Altars:


Innate Abilities, Weirdness & Mutations

You have hooves in place of feet.
Armour fits poorly on your strangely shaped body.
You cover ground very quickly.
You have extremely tough skin. (AC +3)


Message History

g - 4 scrolls of teleportation (gained 1)
A chaos spawn comes into view.
Unknown command.
The chaos spawn squeals angrily.
Found 15 gold pieces.
You now have 70 gold pieces (gained 15).
Found a scale mail.
Found a ration.
A large abomination comes into view.
You see here a scale mail.
h - a scale mail
Found a gateway leading out of the Abyss.
Found a club.
Found 13 gold pieces.
A large abomination comes into view.
Found 36 gold pieces.
Found a gateway leading deeper into the Abyss.
The large abomination hits you!!
Ouch! That really hurt!
You die...

...#..$. ......
#...... ......
#...... ....#
.###.....###...## .
.........#∩....#..
## #................
.####.#.......$.....
#.#.........X.......
#.##......#@....#.
#....X..###...##
#.#......#.....#
##...4............
#..#............. ..
#...........%.... #.
##......#.....#.. #
.#......###)..###.
..#......# ..


You could see a large abomination.

Vanquished Creatures (others)
  2 starspawn tentacles (Abyss:1)
2 creatures vanquished.

Notes
Turn   | Place    | Note
-------+----------+-------------------------------------------
     0 | Abyss:1  | Gargoyl the Centaur Abyssal Knight began the quest for the
                  | Orb.
     0 | Abyss:1  | Reached XP level 1. HP: 19/19 MP: 2/2
    42 | Abyss:1  | Noticed a cacodemon
    66 | Abyss:1  | Noticed a titan zombie
    66 | Abyss:1  | Noticed a tentacled starspawn
   122 | Abyss:1  | Noticed an ancient zyme
   132 | Abyss:1  | Noticed a great orb of eyes
   143 | Abyss:1  | Noticed an iron imp
   150 | Abyss:2  | Noticed a thrashing horror
   152 | Abyss:2  | Noticed a thrashing horror
   161 | Abyss:2  | Noticed a ynoxinul
   197 | Abyss:2  | Noticed a small abomination
   199 | Abyss:2  | Noticed a hungry ghost
   212 | Abyss:2  | Found a corrupted altar of Lugonu.
   251 | Abyss:3  | Noticed a chaos spawn
   281 | Abyss:3  | Noticed a large abomination
   287 | Abyss:3  | Noticed a large abomination
   291 | Abyss:3  | Slain by a large abomination

Levels and vault maps discovered:
Abyss:3:  evilmike_abyss_rune_siren_acolytes

Action                   || total
-------------------------++-------
  Use: Scroll            ||     3
       Potion            ||     1

Table legend:
 A = Non-vault XP
 B = Vault XP
 C = Vault XP percentage of total XP
 D = Non-vault monster count
 E = Vault monster count
 F = Vault count percentage of total count
                 A         B        C        D         E       F
            +---------+---------+-------+---------+---------+-------
      Total |       0 |       0 |   N/A |       0 |       0 |  -nan
            +---------+---------+-------+---------+---------+-------
            +---------+---------+-------+---------+---------+-------
